 Dungeon Crawl Stone Soup version 0.28-a0-1117-g0bdd5ba030 (webtiles) character file.

Game seed: 14268620548051508216

1 spaghetti the Skirmisher (level 1, 2/18 HPs)
             Began as a Mummy Monk on Dec 12, 2021.
             Quit the game on level 1 of the Dungeon.
             The game lasted 00:00:15 (30 turns).

spaghetti the Skirmisher (Mummy Monk)                 Turns: 30, Time: 00:00:16

Health: 2/18       AC:  2    Str: 14    XL:     1   Next: 16%
Magic:  1/1        EV: 12    Int:  9    God:
Gold:   0          SH:  0    Dex: 14    Spells: 0/0 levels left

rFire   x . .      SeeInvis .   a - +0 falchion {long}
rCold   + . .      Faith    .   (no shield)
rNeg    + + +      Spirit   .   b - +0 robe
rPois   ∞          Reflect  .   (no helmet)
rElec   .          Harm     .   (no cloak)
rCorr   .          Rampage  .   (no gloves)
Will    .....                   (no boots)
Stlth   ++........              (no amulet)
HPRegen 0.06/turn               (no ring)
MPRegen 0.07/turn               (no ring)

@: no status effects
A: cold resistance 1, negative energy resistance 3, torment resistance 2, heat
vulnerability 1, no potions
a: no special abilities


You were on level 1 of the Dungeon.
You visited 1 branch of the dungeon, and saw 1 of its levels.


Innate Abilities, Weirdness & Mutations

You are immune to poison.
Your flesh is cold resistant. (rC+)
You are immune to negative energy. (rN+++)
You are immune to unholy pain and torment.
You are vulnerable to heat. (rF-)
You do not drink.


   Skills:
 - Level 3.0 Fighting
 + Level 2.5 Long Blades
 - Level 2.4 Dodging
 - Level 1.5 Stealth


You couldn't memorise any spells.
You didn't know any spells.
Your spell library was empty.

Inventory:

Hand Weapons
 a - a +0 falchion (weapon) {long}
Missiles
 c - 19 stones (quivered) {throwing}
Armour
 b - a +0 robe (worn)

Dungeon Overview and Level Annotations

Branches:
Dungeon (1/15)

Altars:

#......†....#
#...........#
########....#
#....# #....#
#....#
##..J.##
#...hhK#
#.####@####
#.#.......#
#.#.8.8.8.#
#.#.......#
#.+.8.<.8.+
###.......#
#.8.8.8.#
#.......#
####+####


You could see an endoplasm, 2 jackals and a kobold.


Message History

🤖 Initializing magus.rc ...
Options error: Delay interrupt name "hungry" not recognised. (~/.crawlrc:4771) ✅ Successfully initialized magus.rc [v1.9.6] Welcome, spaghetti the Mummy Monk.
You feel drawn to the Orb of Zot, downwards into the unfathomable depths...
Press ? for a list of commands and other information.
Found a staircase leading out of the dungeon.
Unknown command.
Setting a skill training target for Long Blades at 14.0.
Unknown command.
You open the door.
There is an open door here.
c - 19 stones {throwing} An endoplasm comes into view.
An endoplasm is nearby! 3 jackals come into view.
The jackal barks! x2; You hear a shout!
The endoplasm quivers.
A kobold comes into view. It is wielding a +0 short sword.
Found a stone staircase leading down.
The jackal misses you.
You hit the jackal. The jackal misses you.
You hit the jackal but do no damage. The jackal bites you.
The jackal closely misses you. 😕 HP[-2]
You take 2 damage, and now have 16/18 hp.
You hit the jackal.
The jackal barely misses you. x2; The endoplasm hits you.
The jackal barely misses you. The jackal misses you.
The jackal closely misses you. 😕 HP[-1]
You take 1 damage, and now have 15/18 hp.
You hit the jackal.
You kill the jackal!
The endoplasm barely misses you. The jackal barely misses you. x2
You closely miss the jackal. The jackal bites you.
The jackal closely misses you. The endoplasm freezes you.
You are frozen.
You resist. The jackal completely misses you. The jackal barely misses you.
The endoplasm hits you.
* * * LOW HITPOINT WARNING * * *
You are too injured to fight recklessly! 😨 HP[-7]
You take 7 damage, and now have 8/18 hp.
MASSIVE DAMAGE!! (PAUSE)
You hit the endoplasm. The jackal closely misses you. The jackal misses you.
The kobold hits you with a +0 short sword.
* * * LOW HITPOINT WARNING * * *
The endoplasm freezes you.
You are frozen.
You resist.
* * * LOW HITPOINT WARNING * * *
The jackal closely misses you. x2 😱 HP[-5]
You take 5 damage, and now have 3/18 hp.
MASSIVE DAMAGE!! (PAUSE)
The jackal misses you. The jackal bites you.
* * * LOW HITPOINT WARNING * * *
There is an open door here. 😱 HP[-1]
You take 1 damage, and now have 2/18 hp.
Are you sure you want to abandon this character and quit the game? (Confirm with "yes".)

Action                   || total
-------------------------++-------
Melee: Falchion          ||     6
Dodge: Dodged            ||    19

Levels and vault maps discovered:
D:1:      doesnt_arrival_eight_statues, layout_basic

Notes
Turn   | Place    | Note
-------+----------+-------------------------------------------
     0 | D:1      | spaghetti the Mummy Monk began the quest for the Orb.
     0 | D:1      | Reached XP level 1. HP: 18/18 MP: 1/1
     0 | D:1      | magus.rc [v1.9.6]
    22 | D:1      | HP: 4/18 [kobold (4)]
    29 | D:1      | HP: 2/18 [jackal (1)]
    30 | D:1      | Quit the game

Vanquished Creatures
  A jackal (D:1)
1 creature vanquished.

Table legend:
 A = Non-vault XP
 B = Vault XP
 C = Vault XP percentage of total XP
 D = Non-vault monster count
 E = Vault monster count
 F = Vault count percentage of total count
                 A         B        C        D         E       F
            +---------+---------+-------+---------+---------+-------
      Total |       2 |       0 |   0.0 |       1 |       0 |   0.0
            +---------+---------+-------+---------+---------+-------
        D:1 |       2 |       0 |   0.0 |       1 |       0 |   0.0
            +---------+---------+-------+---------+---------+-------

Illustrated notes

Table legend:
 A = Kills in this place as a percentage of kills in entire the game.
 B = Kills by you in this place as a percentage of kills by you in the entire game.
 C = Kills by friends in this place as a percentage of kills by friends in the entire game.
 D = Other kills in this place as a percentage of other kills in the entire game.
 E = Experience gained in this place as a percentage of experience gained in the entire game.
 F = Experience gained in this place divided by the number of levels of this place that you have seen.
                   A       B       C       D       E      F
               +-------+-------+-------+-------+-------+----------------------
         Total | 100.0 | 100.0 |   N/A |   N/A | 100.0 |   2.0
       Dungeon | 100.0 | 100.0 |   N/A |   N/A | 100.0 |   2.0
               +-------+-------+-------+-------+-------+----------------------

Table legend: (Time is in decaauts)
 A = Elapsed time spent in this place.
 B = Non-inter-level travel time spent in this place.
 C = Inter-level travel time spent in this place.
 D = Time resting spent in this place.
 E = Time spent auto-exploring this place.
 F = Levels seen in this place.
 G = Mean time per level.
                   A        B        C        D        E       F      G
               +--------+--------+--------+--------+--------+-----+--------+
         Total |     31 |     31 |      0 |      0 |     14 |   1 |   31.0 |
       Dungeon |     31 |     31 |      0 |      0 |     14 |   1 |   31.0 |
               +--------+--------+--------+--------+--------+-----+--------+

Top non-repeatable levels by time:
     D:1: 31 daAuts
